 Dungeon Crawl Stone Soup version 0.31-a0-940-gdaa99269f9 (webtiles) character file.

Game seed: 15396048118848678138

65 gelatine the Ruffian (level 3, -5/26 HPs)
             Began as a Demonspawn Shapeshifter on Oct 20, 2023.
             Slain by Grinder (8 damage)
             ... on level 3 of the Dungeon.
             The game lasted 00:06:33 (1424 turns).

gelatine the Ruffian (Demonspawn Shapeshifter)      Turns: 1424, Time: 00:06:34

Health: -5/26      AC: 15    Str: 16    XL:     3   Next: 94%
Magic:  3/3        EV: 11    Int: 11    God:
Gold:   81         SH:  0    Dex: 12    Spells: 2/2 levels left

rFire   . .          .
                       - Unarmed
rCold   . . .        (no shield)
rNeg    . . .        o - +0 ring mail
rPois   .            (helmet currently unavailable)
rElec   .            (cloak currently unavailable)
rCorr   .            (gloves currently unavailable)
SInv    .            (boots currently unavailable)
Will    +....        (no amulet)
Stlth   +            j - +4 ring of protection
HPRegen 0.24/turn    (no ring)
MPRegen 0.08/turn

%: no passive effects
@: beast-form, sanguine armoured, enlightened, flying
A: beast (slay +1), sanguine armour 1, demonic touch 1
a: Begin Untransformation


You were on level 3 of the Dungeon.
You were a hulking beast.
You visited 1 branch of the dungeon, and saw 3 of its levels.

You collected 81 gold pieces.

Inventory:

Missiles
 e - 18 stones (quivered)
Armour
 a - a +0 animal skin
 o - a +0 ring mail (worn)
Jewellery
 j - a +4 ring of protection (left hand)
Talismans
 c - a beast talisman (active)
 d - a flux talisman
Scrolls
 f - a scroll of fog {unknown}
 h - 2 scrolls of enchant weapon {unknown}
 n - a scroll of identify {unknown}
Potions
 b - 2 potions of lignification
 i - a potion of degeneration {unknown}
 k - 2 potions of ambrosia {unknown}
 l - a potion of haste {unknown}
 m - a potion of resistance {unknown}


   Skills:
 + Level 1.1 Fighting
 + Level 0.6 Throwing
 + Level 2.0 Dodging
 + Level 3.4 Unarmed Combat
 * Level 3.3 Shapeshifting


You had 2 spell levels left.
You didn't know any spells.
Your spell library contained the following spells:

 Spells                   Type           Power      Damage    Failure   Level
 Foxfire                  Conj/Fire      0%         2x1d4     56%         1
 Plasma Beam              Fire/Air       0%         2x1d10    100%        6
 Starburst                Conj/Fire      0%         6d3       100%        6


Dungeon Overview and Level Annotations

Branches:
Dungeon (3/15)

Altars:

Shops:
D:1 :   D:2 (=[:

Annotations:
D:3 Grinder


Innate Abilities, Weirdness & Mutations

You are a hulking beast.
Your limbs bulge with bestial killing power. (Slay +1)
When seriously injured, your blood forms armour. (AC +6)
Your touch may inflict minor irresistible damage on your foes.


Message History

You suddenly lose the ability to move!
Grinder barely misses you.
Grinder blinks!
You can move again.
Found a falchion.
Found a stone staircase leading up.
Grinder blinks!
Found a scale mail and a scroll labelled MIYNIPR QEIS.
Grinder says, "Tell me all your secrets, or I'll kill you."
You closely miss Grinder.
You touch Grinder.
Grinder is lightly wounded.
You hit Grinder.
Grinder is moderately wounded.
Grinder blinks!
Grinder barely misses you.
You barely miss Grinder.
Grinder is moderately wounded.
Grinder hits you.
You writhe in agony.
Your blood congeals into armour.
You barely miss Grinder.
Grinder is moderately wounded.
Grinder barely misses you.
You closely miss Grinder. Your touch misses Grinder.
Grinder is moderately wounded.
Grinder hits you.
You writhe in agony.
You barely miss Grinder.
Grinder is moderately wounded.
Grinder closely misses you.
You barely miss Grinder.
Grinder is moderately wounded.
Grinder gestures at you. Pain shoots through your body!
You barely miss Grinder.
Grinder is moderately wounded.
Grinder hits you.
* * * LOW HITPOINT WARNING * * *
You writhe in agony.
* * * LOW HITPOINT WARNING * * *
It was a potion of enlightenment.
You feel very buoyant.
You fly up into the air.
Grinder hits you!
You die...
Grinder says, "Now the real fun starts!"

.... ..# #.## # #..#
.# ##..# .# ##...##
#.# #<.#..# ###..##
#..##..######.5...#
#...###......##.h<).#
..## #.####........#
## #.# ###......# #..
##.....# ### #.....#
#.....# #.?...#
#######


You could see Grinder.

Vanquished Creatures
  2 adders (D:2)
  A worm (D:2)
  A dart slug (D:2)
  5 ball pythons
  5 bats
  3 endoplasms
  3 giant cockroaches
  2 hobgoblins
  7 frilled lizards (D:2)
  7 goblins
  4 kobolds
  4 rats
44 creatures vanquished.

Notes
Turn   | Place    | Note
-------+----------+-------------------------------------------
     0 | D:1      | gelatine the Demonspawn Shapeshifter began the quest for
                  | the Orb.
     0 | D:1      | Reached XP level 1. HP: 15/15 MP: 1/1
   175 | D:1      | Gained mutation: When seriously injured, your blood forms
                  | armour. (AC +6) [demonic ancestry]
   175 | D:1      | Reached XP level 2. HP: 18/21 MP: 2/2
   345 | D:1      | Found Receo's Book Emporium.
   841 | D:2      | Gained mutation: Your touch may inflict minor irresistible
                  | damage on your foes. [demonic ancestry]
   841 | D:2      | Reached XP level 3. HP: 17/26 MP: 3/3
   978 | D:2      | Found Luuci's Jewellery Shoppe.
  1011 | D:2      | Found Zosuxu Vuife's Antique Weapon Shoppe.
  1153 | D:2      | Found Neafia's Book Shop.
  1157 | D:2      | Found Pupy's Antique Armour Shoppe.
  1404 | D:3      | Noticed Grinder
  1406 | D:3      | Paralysed by Grinder for 4 turns
  1424 | D:3      | Slain by Grinder

Illustrated notes

Levels and vault maps discovered:
D:1:      spicycebolla_arrival_clurvy, layout_basic, serial_shops, shop,
          serial_glass, glass_columns_c, glass_columns_a, glass_columns_a,
          glass_columns_a, glass_columns_c, item_on_display_a, feat_on_display,
          due_unseen_surprise, minmay_misc_feat_encased, nicolae_the_louvre
D:2:      layout_basic, serial_shops, nicolae_shop_rolling_square, shop, shop,
          shop, minmay_lizard_pond
D:3:      layout_rooms, jmf_multi_god_temple2, serial_shops,
          nicolae_shop_crystal, shop, uniq_grinder

Skill      XL: |  1  2  3 |
---------------+----------+-----
Shapeshifting  | 3 |  3.3
Unarmed Combat | 3 |  3.4
Dodging        | 2 |  2.0
Fighting       | |  1.1
Throwing       | |  0.6

Action                     || total
---------------------------++-------
  Melee: Unarmed           ||   111
         Punch             ||     2
         Touch             ||     6
  Throw: Stone             ||    10
    Use: Potion            ||     1
 Armour: Animal skin       ||    56
         Ring mail         ||     5
  Dodge: Dodged            ||    72

Table legend: (Time is in decaauts)
 A = Elapsed time spent in this place.
 B = Non-inter-level travel time spent in this place.
 C = Inter-level travel time spent in this place.
 D = Time resting spent in this place.
 E = Time spent auto-exploring this place.
 F = Levels seen in this place.
 G = Mean time per level.
                   A        B        C        D        E       F      G
               +--------+--------+--------+--------+--------+-----+--------+
         Total |   1418 |   1338 |     80 |      0 |    990 |   3 |  472.7 |
       Dungeon |   1418 |   1338 |     80 |      0 |    990 |   3 |  472.7 |
               +--------+--------+--------+--------+--------+-----+--------+

Top non-repeatable levels by time:
     D:1: 780 daAuts
     D:2: 611 daAuts
     D:3: 26 daAuts
